 Dungeon Crawl Stone Soup version 0.23.1-37-gaa34b87 (webtiles) character file.

Game seed: 16244410231063475776

15036 vishdafish the Martial Artist (level 12, -11/84 HPs)
             Began as an Octopode Transmuter on Mar 20, 2019.
             Was an Initiate of Gozag.
             Mangled by a minotaur
             ... wielding the +8 war axe of Dim Light {chop, rF+ Stlth+}
              (44 damage)
             ... in a Gauntlet.
             The game lasted 00:37:44 (15376 turns).

vishdafish the Martial Artist (OpTm)               Turns: 15376, Time: 00:37:46

Health: -11/84     AC:  3    Str: 24    XL:     12   Next: 22%
Magic:  21/21      EV: 21    Int: 12    God:    Gozag
Gold:   852        SH:  0    Dex: 15    Spells: 8/23 levels left

rFire    . . .     SeeInvis +     - Unarmed
rCold    . . .     Gourm    .   (no shield)
rNeg     . . .     Faith    .   x - +2 hat
rPois    +         Spirit   .   M - necklace of Bloodlust {*Rage +Rage MR++ Int-3 Slay+6 *Curse} (curse)
rElec    .         Reflect  .   l - ring of poison resistance
rCorr    .         Harm     .   h - ring of see invisible
MR       +++..     Clarity  +   G - ring of Ashenzari's Pride {rPois Str+6 Dex-4} Stlth +++.......NoTele +
                                i - ring of wizardry
HPRegen  0.24/turn              C - ring of protection from magic
MPRegen  0.17/turn              (no ring)
                                (no ring)
                                (no ring)

@: mighty, agile, starving, hasted, very quick
A: almost no armour, stealthy swim, amphibious, 8 rings, constrict 8, camouflage
1, clarity, screaming 1, gelatinous body 1
a: Potion Petition, Call Merchant, Bribe Branch, Renounce Religion, Evoke
Berserk Rage


You were in a Gauntlet.
You worshipped Gozag.
Gozag was pleased with you.
You were starving.

You visited 2 branches of the dungeon, and saw 13 of its levels.
You also visited: Gauntlet.

You collected 2805 gold pieces.
You spent 1245 gold pieces at shops.
You paid 708 gold pieces to Gozag.

Inventory:

Hand Weapons
 L - a +0 blowgun
Missiles
 a - 281 arrows
 j - 2 javelins (quivered)
 H - 8 tomahawks
 K - 5 curare-tipped needles
Armour
 d - a +0 shield
 k - a +2 hat
 x - a +2 hat (worn)
Jewellery
 h - a ring of see invisible (right tentacle)
 i - a ring of wizardry (on tentacle)
 l - a ring of poison resistance (left tentacle)
 C - a ring of protection from magic (on tentacle)
 G - the ring of Ashenzari's Pride (on tentacle) {rPois Str+6 Dex-4}
   (You found it in a Gauntlet)

   [ring of poison resistance]

   It affects your strength (+6).
   It affects your dexterity (-4).
   It protects you from poison.
 M - the cursed necklace of Bloodlust (around mantle) {*Rage +Rage MR++ Int-3 Slay+6 *Curse}
   (You bought it in a shop on level 10 of the Dungeon)

   [amulet of rage]

   It affects your intelligence (-3).
   It affects your accuracy and damage with ranged weapons and melee attacks
   (+6).
   It affects your resistance to hostile enchantments.
   It lets you go berserk.
   It may make you go berserk in combat.
   It curses itself when equipped.
   It has a curse placed upon it.
Wands
 z - a wand of digging (5)
 F - a wand of iceblast (5)
Scrolls
 c - 6 scrolls of enchant armour {unknown}
 e - 12 scrolls of remove curse
 m - 2 scrolls of magic mapping
 o - 2 scrolls of fog
 p - 2 scrolls of amnesia
 q - a scroll of brand weapon {unknown}
 u - 3 scrolls of immolation
 y - 4 scrolls of teleportation {unknown}
 A - a scroll of random uselessness {unknown}
 B - 3 scrolls of enchant weapon {unknown}
 D - 2 scrolls of blinking {unknown}
 J - a scroll of noise {unknown}
Potions
 b - 3 potions of brilliance
 f - a potion of agility
 g - 2 potions of mutation
 r - 2 potions of might
 s - 3 potions of flight
 v - 2 potions of ambrosia
 E - 2 potions of resistance {unknown}
 I - 2 potions of curing


   Skills:
 + Level 8.5 Fighting
 + Level 4.8 Dodging
 - Level 10.1 Unarmed Combat
 - Level 6.0 Spellcasting
 + Level 9.4 Transmutations
 + Level 3.1 Ice Magic
 - Level 9.1 Evocations


You had 8 spell levels left.
You knew the following spells:

 Your Spells              Type           Power        Failure   Level  Hunger
a - Beastly Appendage     Tmut           ####..       1%          1    None
b - Sticks to Snakes      Tmut           ####....     1%          2    ##.....
c - Spider Form           Tmut/Pois      ##........   3%          3    ###....
d - Blade Hands           Tmut           ####......   4%          5    ######.
e - Ice Form              Ice/Tmut       ###.....     6%          4    ####...

Your spell library contained the following spells:

 Spells                   Type           Power        Failure   Level  Hunger
 Ensorcelled Hibernation  Hex/Ice        #.....       6%          2    ##.....
 Corona                   Hex            #......      8%          1    None
 Slow                     Hex            #.......     11%         2    ##.....
 Confuse                  Hex            #.......     21%         3    ###....
 Dazzling Spray           Conj/Hex       #.....       21%         3    ###....
 Inner Flame              Hex/Fire       #.......     21%         3    ###....
 Portal Projectile        Hex/Tloc       #.....       21%         3    ###....
 Tukima's Dance           Hex            #.......     21%         3    ###....
 Cause Fear               Hex            #.........   54%         4    ####...
 Leda's Liquefaction      Hex/Erth       #.........   54%         4    ####...


Dungeon Overview and Level Annotations

Branches:
Dungeon (12/15)            Temple (0/1) D:6            Lair (1/6) D:10
    Orc (0/2) D:11

Altars:
Ashenzari
Cheibriados
Dithmenos
Elyvilon
Fedhas
Gozag
Hepliaklqana
Qazlal
Trog
Wu Jian
Beogh

Shops:
D:6 [   D:9 =   D:10 =

Annotations:
D:2 1 runed translucent door, Crazy Yiuf
D:3 3 runed translucent doors, Sandy's ghost, amateur SpAK
D:5 Menkaure
D:12 exclusion: 2 oklob plants Gauntlet 8 transporters, 5 runed translucent doors, exclusion: obsidian statue


Innate Abilities, Weirdness & Mutations

You cannot wear most types of armour.
You are very stealthy in the water. (Stealth+)
You are amphibious.
You can wear up to eight rings at the same time.
You can use your tentacles to constrict eight enemies at once.
Your skin changes colour to match your surroundings (Stealth+).
Your rubbery body absorbs attacks. (AC +1, EV +1)
You possess an exceptional clarity of mind.
You occasionally shout uncontrollably at your foes.


Message History

* * * LOW HITPOINT WARNING * * *
x2 The minotaur closely misses you.
Okay, then.
You feel much better.
You constrict the minotaur, but do no damage.
The minotaur hits you with the +8 war axe of Dim Light {chop, rF+ Stlth+}!
* * * LOW HITPOINT WARNING * * *
x2 The minotaur gores you!
* * * LOW HITPOINT WARNING * * *
You feel much better.
You constrict the minotaur.
Okay, then.
Okay, then.
Okay, then.
As you read the scroll labeled ZEODOL ULA ZYOJA, it crumbles to dust.
The creatures around you are filled with an inner flame!
It was a scroll of immolation.
You constrict the minotaur.
The minotaur hits you with the +8 war axe of Dim Light {chop, rF+ Stlth+}!!!
Ouch! That really hurt!
You die...
Your body crumbles into a pile of gold.

# ###
#################
### ### #
...............
#.♣.♣.©.©.©.©.♣.♣
#................
###.#.#######.#.
# #....#...
#.#.##.#.##.#.#
#.....(.......#
#.#..##@##..#.
#.#..#8H8#
#....#...#
###8.#8.8#
####[.[# #8.8#
#[.=# #8∩8#


You could see a minotaur (inner flame).

Vanquished Creatures
  A green death (Gauntlet)
  A two-headed ogre (D:10)
  A tengu warrior (Gauntlet)
  A wizard (Gauntlet)
  An ugly thing (D:10)
  A centaur zombie (D:11)
  A gargoyle (D:11)
  A tengu conjurer (Gauntlet)
  A troll (D:11)
  A hornet (D:10)
  3 hippogriffs
  Prince Ribbit (D:6)
  Sigmund (D:6)
  A spriggan (D:11)
  A shadow (D:11)
  17 yaks
  A wyvern (D:11)
  A hungry ghost (D:11)
  Duvessa (D:4)
  A water moccasin (D:11)
  An acid dragon (D:11)
  A black bear (D:8)
  10 orc warriors
  A phantom (D:5)
  3 sky beasts
  5 ogres
  A crocodile (D:12)
  6 centaurs
  2 big kobolds
  Blork the orc (D:4)
  10 bullfrogs
  A wyvern zombie (D:11)
  Dowan (D:4)
  2 scorpions
  21 killer bees
  5 wights (D:11)
  5 howler monkeys
  5 crimson imps
  3 quasits
  4 hounds
  2 centaur skeletons
  4 jellies
  11 orc wizards
  10 orc priests
  A bullfrog skeleton (D:9)
  An iguana (D:8)
  Terence (D:3)
  8 worker ants
  6 adders
  4 shadow imps
  A white imp (Gauntlet)
  An ooze (D:3)
  An adder zombie (D:6)
  An adder skeleton (D:4)
  2 worms
  A dart slug (D:2)
  3 leopard geckos
  62 orcs
  A ball python (D:7)
  6 giant cockroaches
  5 goblins
  8 hobgoblins
  14 jackals
  3 quokkas
  5 bats
  3 frilled lizards
  A jackal skeleton (D:7)
  13 kobolds
  A quokka skeleton (D:4)
  3 rats
309 creatures vanquished.

Vanquished Creatures (collateral kills)
  An ogre (D:4)
1 creature vanquished.

Vanquished Creatures (others)
  4 toadstools (D:1)
4 creatures vanquished.

Grand Total: 314 creatures vanquished

Notes
Turn   | Place    | Note
-------+----------+-------------------------------------------
     0 | D:1      | vishdafish the Octopode Transmuter began the quest for the
                  | Orb.
     0 | D:1      | Reached XP level 1. HP: 13/13 MP: 3/3
   155 | D:1      | Reached XP level 2. HP: 12/19 MP: 5/5
   785 | D:2      | Reached XP level 3. HP: 14/25 MP: 6/6
   949 | D:2      | Found a runed translucent door.
   950 | D:2      | Noticed Crazy Yiuf
  1651 | D:2      | Found a shadowy altar of Dithmenos.
  1653 | D:2      | Found an ornate altar of the Wu Jian Council.
  1655 | D:2      | Found a snail-covered altar of Cheibriados.
  1656 | D:2      | Found a hazy altar of Hepliaklqana.
  1657 | D:2      | Found a white marble altar of Elyvilon.
  1658 | D:2      | Found an opulent altar of Gozag.
  1672 | D:2      | Became a worshipper of Gozag Ym Sagoz the Greedy
  1891 | D:3      | Found a runed translucent gate.
  1892 | D:3      | Found a runed translucent gate.
  1895 | D:3      | Found a runed translucent gate.
  1895 | D:3      | Noticed a big kobold
  1895 | D:3      | Noticed Sandy's ghost (amateur SpAK)
  1895 | D:3      | Noticed a big kobold
  1895 | D:3      | Identified the +5 whip of Inquiry {elec, rElec rPois Int-3
                  | Dex+4}
  2002 | D:3      | Noticed Terence
  2018 | D:3      | Killed Terence
  2018 | D:3      | Reached XP level 4. HP: 24/33 MP: 7/7
  2026 | D:3      | Learned a level 2 spell: Sticks to Snakes
  2618 | D:3      | Reached XP level 5. HP: 36/37 MP: 8/8
  2891 | D:4      | Noticed Blork the orc
  3321 | D:4      | You fall through a shaft!
  3321 | D:5      | Entered Level 5 of the Dungeon
  3339 | D:5      | Noticed a phantom
  3703 | D:4      | Noticed an ogre
  3711 | D:4      | Killed an ogre
  3711 | D:4      | Reached XP level 6. HP: 43/43 MP: 2/9
  3727 | D:4      | Noticed Dowan
  3730 | D:4      | Noticed Duvessa
  3752 | D:4      | Killed Duvessa
  3752 | D:4      | Reached skill level 5 in Transmutations
  3756 | D:4      | Killed Dowan
  3785 | D:4      | Killed Blork the orc
  3785 | D:4      | Reached XP level 7. HP: 19/48 MP: 2/10
  4811 | D:5      | Learned a level 3 spell: Spider Form
  4951 | D:5      | Reached XP level 8. HP: 18/54 MP: 11/11
  5178 | D:5      | Noticed Menkaure
  5216 | D:4      | HP: 2/54 [poisoned by a worker ant]
  5224 | D:4      | HP: 1/54 [poisoned by a worker ant]
  5527 | D:4      | Learned a level 5 spell: Blade Hands
  5696 | D:6      | Reached skill level 4 in Unarmed Combat
  6087 | D:6      | Found Ifeplas's Antique Armour Emporium.
  6090 | D:6      | Reached skill level 5 in Unarmed Combat
  6461 | D:6      | Found a staircase to the Ecumenical Temple.
  6537 | D:6      | Noticed Prince Ribbit
  6545 | D:6      | Killed Prince Ribbit
  6545 | D:6      | Reached skill level 6 in Unarmed Combat
  6788 | D:6      | Noticed Sigmund
  6795 | D:6      | Killed Sigmund
  6795 | D:6      | Reached skill level 7 in Unarmed Combat
  6795 | D:6      | Reached XP level 9. HP: 58/58 MP: 1/12
  7165 | D:7      | Found a blossoming altar of Fedhas.
  7168 | D:7      | Reached skill level 8 in Unarmed Combat
  7183 | D:7      | Found a stormy altar of Qazlal.
  7588 | D:7      | Reached skill level 9 in Unarmed Combat
  7909 | D:7      | Found a stormy altar of Qazlal.
  8448 | D:8      | Found a bloodstained altar of Trog.
  8640 | D:8      | Reached skill level 5 in Spellcasting
  9275 | D:9      | Reached skill level 5 in Fighting
  9275 | D:9      | Reached XP level 10. HP: 65/66 MP: 17/17
 10209 | D:9      | Found a shattered altar of Ashenzari.
 10613 | D:10     | Entered Level 10 of the Dungeon
 10646 | D:10     | Reached skill level 1 in Evocations
 10657 | D:10     | Noticed a two-headed ogre
 10660 | D:10     | Killed a two-headed ogre
 10747 | D:10     | Reached skill level 5 in Evocations
 11076 | D:10     | Noticed a cyan ugly thing
 11345 | D:10     | Found a staircase to the Lair.
 11630 | D:10     | Reached XP level 11. HP: 56/75 MP: 9/18
 12076 | D:10     | Killed a cyan ugly thing
 12235 | D:10     | Bought the cursed necklace of Bloodlust {*Rage +Rage MR++
                  | Int-3 Slay+6 *Curse} for 1245 gold pieces
 12235 | D:10     | Found the cursed necklace of Bloodlust {*Rage +Rage MR++
                  | Int-3 Slay+6 *Curse}
 12373 | D:11     | Learned a level 4 spell: Ice Form
 12445 | D:11     | Found a roughly hewn altar of Beogh.
 12445 | D:11     | Found a staircase to the Orcish Mines.
 13346 | D:12     | Reached skill level 10 in Unarmed Combat
 13866 | D:12     | Reached skill level 1 in Ice Magic
 14303 | D:12     | Found a blossoming altar of Fedhas.
 14306 | D:12     | Noticed an oklob plant
 14306 | D:12     | Noticed an oklob plant
 14558 | Lair:1   | Entered Level 1 of the Lair of Beasts
 14589 | Lair:1   | Found a gate leading to a gauntlet.
 14597 | Lair:1   | Reached XP level 12. HP: 67/82 MP: 21/21
 14660 | Gauntlet | Entered a Gauntlet
 14660 | Gauntlet | Found a transporter.
 14669 | Gauntlet | Found a transporter.
 14670 | Gauntlet | Found a transporter.
 14697 | Gauntlet | Found a transporter.
 14699 | Gauntlet | Noticed a soul eater
 14713 | Gauntlet | Found a transporter.
 14715 | Gauntlet | Found a transporter.
 14719 | Gauntlet | Found a runed translucent door.
 14719 | Gauntlet | Found a runed translucent door.
 14728 | Gauntlet | Found a transporter.
 14744 | Gauntlet | Found a runed translucent gate.
 14745 | Gauntlet | Found a transporter.
 14745 | Gauntlet | Found a runed translucent gate.
 14746 | Gauntlet | Found a runed translucent gate.
 14748 | Gauntlet | Noticed a reaper
 14752 | Gauntlet | Noticed a green death
 14755 | Gauntlet | Found a transporter.
 14765 | Gauntlet | Found a transporter.
 14768 | Gauntlet | Noticed a reaper
 14780 | Gauntlet | Found a transporter.
 14780 | Gauntlet | Found a transporter.
 14782 | Gauntlet | Found a transporter.
 14809 | Gauntlet | Found a transporter.
 14876 | Gauntlet | Noticed a tengu warrior
 14942 | Gauntlet | Gained mutation: You occasionally shout uncontrollably at
                  | your foes. [potion of mutation]
 14942 | Gauntlet | Gained mutation: You possess an exceptional clarity of
                  | mind. [potion of mutation]
 14976 | Gauntlet | Killed a tengu warrior
 15274 | Gauntlet | Killed a green death
 15287 | Gauntlet | Got a warped silver ring
 15289 | Gauntlet | Identified the ring of Ashenzari's Pride {rPois Str+6
                  | Dex-4} (You found it in a Gauntlet)
 15363 | Gauntlet | Identified the +8 war axe of Dim Light {chop, rF+ Stlth+}
 15363 | Gauntlet | Identified the +7 arbalest of Ecvun {penet, Stlth+}
 15363 | Gauntlet | Identified the +8 ice dragon scales "Hicyawik" {rF- rC++
                  | rN+ Int+5}
 15363 | Gauntlet | Identified the ring "Saideh" {rN+ EV+4 Stlth+}
 15363 | Gauntlet | Noticed a minotaur
 15373 | Gauntlet | HP: 4/84 [minotaur/the +8 war axe of Dim Light {chop, rF+
                  | Stlth+} (30)]
 15373 | Gauntlet | HP: 1/84 [minotaur/the +8 war axe of Dim Light {chop, rF+
                  | Stlth+} (3)]
 15376 | Gauntlet | Mangled by a minotaur

Skill      XL: |  1  2  3  4  5  6  7  8  9 10 11 12 |
---------------+-------------------------------------+-----
Fighting       | 2 4 5 7 8 |  8.5
Transmutations | 3 4 6 8 9 |  9.4
Unarmed Combat | 7 9 10 | 10.1
Spellcasting   | 5 6 |  6.0
Evocations     | 8 9 |  9.1
Dodging        | 4 |  4.8
Ice Magic      | 2 3 |  3.1

Action                   |  1- 3 |  4- 6 |  7- 9 | 10-12 || total
-------------------------+-------+-------+-------+-------++-------
Melee: Unarmed           |    86 |    91 |   297 |   333 ||   807
       Constrict         |    25 |    21 |    47 |    61 ||   154
       Tentacles         |    10 |    22 |    38 |    66 ||   136
       Punch             |     2 |     3 |     8 |    19 ||    32
       Kick              |       |     4 |     2 |       ||     6
Throw: Javelin           |     4 |    16 |    38 |    28 ||    86
       Tomahawk          |       |       |       |     4 ||     4
 Cast: Sticks to Snakes  |       |    13 |       |       ||    13
       Beastly Appendage |       |     1 |     2 |       ||     3
       Spider Form       |       |       |     7 |       ||     7
       Blade Hands       |       |       |    11 |    13 ||    24
Invok: Call Merchant     |       |       |       |     1 ||     1
 Abil: Evoke Berserk Rag |       |       |       |     4 ||     4
Evoke: Wand              |       |       |       |    14 ||    14
  Use: Potion            |       |     3 |     4 |     9 ||    16
       Scroll            |       |       |     6 |     7 ||    13
 Stab: Sleeping          |     8 |     5 |     3 |     1 ||    17
       Distracted        |       |     1 |     4 |     2 ||     7
  Eat: Chunk             |     2 |       |       |       ||     2
       Ration            |       |     2 |     7 |     8 ||    17
Armor: Skin              |     5 |     5 |    36 |    37 ||    83
Dodge: Dodged            |    51 |    47 |   171 |   223 ||   492
